 Dungeon Crawl Stone Soup version 0.31-a0-1008-g5b978dac0e (webtiles) character file.

Game seed: 5639604573202342767

3 Queen the Vexing (level 1, -1/10 HPs)
             Began as a Deep Elf Enchanter on Nov 13, 2023.
             Slain by a kobold
             ... wielding a +0 short sword
              (4 damage)
             ... on level 1 of the Dungeon.
             The game lasted 00:00:45 (184 turns).

Queen the Vexing (Deep Elf Enchanter)                Turns: 184, Time: 00:00:45

Health: -1/10      AC:  2    Str:  5    XL:     1   Next: 41%
Magic:  6/6        EV: 12    Int: 19    God:
Gold:   16         SH:  0    Dex: 15    Spells: 6/6 levels left

rFire   . . .        a - +1 dagger
rCold   . . .        (no shield)
rNeg    . . .        b - +0 robe
rPois   .            (no helmet)
rElec   .            (no cloak)
rCorr   .            (no gloves)
SInv    .            (no boots)
Will    .....        (no amulet)
Stlth   ++           (no ring)
HPRegen 0.21/turn    (no ring)
MPRegen 0.10/turn

%: no passive effects
@: no status effects
A: no striking features
a: no special abilities


You were on level 1 of the Dungeon.
You visited 1 branch of the dungeon, and saw 1 of its levels.

You collected 16 gold pieces.

Inventory:

Hand Weapons
 a - a +1 dagger (weapon)
Armour
 b - a +0 robe (worn)
Scrolls
 f - a scroll of enchant weapon {unknown}
Potions
 c - 2 potions of invisibility
 d - a potion of lignification {unknown}
 e - 2 potions of attraction {unknown}


   Skills:
 + Level 1.1 Short Blades
 + Level 2.5 Dodging
 + Level 3.7 Stealth
 + Level 3.0 Spellcasting
 + Level 4.0 Hexes


You had 6 spell levels left.
You didn't know any spells.
Your spell library contained the following spells:

 Spells                   Type           Power      Damage    Failure   Level
 Confusing Touch          Hex            18%        N/A       9%          3
 Tukima's Dance           Hex            18%        N/A       9%          3
 Ensorcelled Hibernation  Hex/Ice        20%        N/A       10%         2
 Dazzling Flash           Conj/Hex       20%        N/A       21%         3


Dungeon Overview and Level Annotations

Branches:
Dungeon (1/15)

Altars:

Shops:
D:1 *


Message History

The giant cockroach is almost dead.
A giant cockroach comes into view.
The giant cockroach closely misses you.
You completely miss the giant cockroach.
The giant cockroach is almost dead.
The giant cockroach closely misses you.
You hit the giant cockroach.
You kill the giant cockroach!
The kobold throws a stone.
The stone hits you.
The kobold throws a stone.
The stone completely misses you.
A giant cockroach comes into view.
The giant cockroach closely misses you.
The kobold throws a stone.
The stone misses you.
The stone hits the giant cockroach but does no damage.
You hit the giant cockroach.
The giant cockroach is almost dead.
The giant cockroach closely misses you.
The kobold throws a stone.
The stone hits you.
You closely miss the giant cockroach.
The giant cockroach is almost dead.
The giant cockroach barely misses you.
You barely miss the giant cockroach.
The giant cockroach is almost dead.
The giant cockroach bites you. The kobold misses you.
You hit the giant cockroach but do no damage.
The giant cockroach is almost dead.
The giant cockroach bites you but does no damage.
The giant cockroach bites you. The kobold misses you.
The giant cockroach attacks as it pursues you!
The giant cockroach barely misses you.
The kobold hits you with a +0 short sword.
You barely miss the giant cockroach.
The giant cockroach is almost dead.
The giant cockroach barely misses you.
The kobold hits you with a +0 short sword.
* * * LOW HITPOINT WARNING * * *
You hit the giant cockroach.
You kill the giant cockroach!
The kobold hits you with a +0 short sword.
You die...

#.~≈~≈≈####
#..≈≈≈.....
+..........
#.......... ###
##...K..#
####.####....†#
#...........#.#
#..........####
#........#.#@# #
#........#BK†#.#
#..............#..
#..................
#...................
#.........##+#######
#.........#
#.........#
################
#.........#
...............


You could see a giant cockroach and a kobold.

Vanquished Creatures
  3 giant cockroaches (D:1)
  A bat (D:1)
4 creatures vanquished.

Notes
Turn   | Place    | Note
-------+----------+-------------------------------------------
     0 | D:1      | Queen the Deep Elf Enchanter began the quest for the Orb.
     0 | D:1      | Reached XP level 1. HP: 10/10 MP: 6/6
   160 | D:1      | Found Lyiqaeb's Assorted Antiques.
   184 | D:1      | Slain by a kobold

Illustrated notes

Levels and vault maps discovered:
D:1:      wander_arrival_estate, layout_basic, serial_shops,
          nicolae_shop_waterfront, minmay_worlds_worst_comb

Action                     || total
---------------------------++-------
  Melee: Dagger            ||    18
 Armour: Robe              ||    12
  Dodge: Dodged            ||    19

Table legend: (Time is in decaauts)
 A = Elapsed time spent in this place.
 B = Non-inter-level travel time spent in this place.
 C = Inter-level travel time spent in this place.
 D = Time resting spent in this place.
 E = Time spent auto-exploring this place.
 F = Levels seen in this place.
 G = Mean time per level.
                   A        B        C        D        E       F      G
               +--------+--------+--------+--------+--------+-----+--------+
         Total |    183 |    183 |      0 |      0 |    138 |   1 |  183.0 |
       Dungeon |    183 |    183 |      0 |      0 |    138 |   1 |  183.0 |
               +--------+--------+--------+--------+--------+-----+--------+

Top non-repeatable levels by time:
     D:1: 183 daAuts
